 Dungeon Crawl Stone Soup version 0.27-a0-1101-ge311f74bc8 (webtiles) character file.

Game seed: 9086525685998553951

2788 voltaire321 the Shield-Bearer (level 9, -12/64 HPs)
             Began as an Octopode Fighter on Apr 28, 2021.
             Was an Initiate of Ashenzari.
             Mangled by a six-headed hydra (17 damage)
             ... on level 6 of the Dungeon.
             The game lasted 00:20:42 (5042 turns).

voltaire321 the Shield-Bearer (Octopode Fighter)    Turns: 5042, Time: 00:20:42

Health: -12/64     AC:  1    Str: 16    XL:     9   Next: 71%
Magic:  9/9        EV: 15    Int: 10    God:    Ashenzari [......]
Gold:   406        SH: 11    Dex: 14    Spells: 8/8 levels left

rFire    + . .     SeeInvis .   a - +1 war axe of the Unyielding Gaze {Cun, Range} (curse)
rCold    . . .     Faith    .   b - +1 kite shield
rNeg     . . .     Spirit   .   (helmet restricted)
rPois    .         Reflect  .   i - amulet of regeneration
rElec    .         Harm     .   p - ring of protection from fire
rCorr    .         Rampage  .   (no ring)
Will     .....                  (no ring)
Stlth    ++........             (no ring)
HPRegen  1.20/turn              (no ring)
MPRegen  0.11/turn              (no ring)
                                (no ring)
                                (no ring)

@: no status effects
A: almost no armour, amphibious, 8 rings, camouflage 1, gelatinous body 1,
(nimble swimmer 1), tentacles
a: Renounce Religion, Shatter the Chains


You were on level 6 of the Dungeon.
You worshipped Ashenzari.
Ashenzari was noncommittal.
You visited 2 branches of the dungeon, and saw 7 of its levels.

You collected 406 gold pieces.

Inventory:

Hand Weapons
 a - the cursed +1 war axe of the Unyielding Gaze (weapon) {Cun, Range}

   It has a curse which improves the following skills: Cunning: Dodging and
   Stealth.
   Ranged Combat: Slings, Bows, Crossbows and Throwing.
Missiles
 d - a curare-tipped dart
 n - 15 poisoned darts
 s - 7 boomerangs (quivered)
 t - 2 throwing nets
Armour
 b - a +1 kite shield (worn)
Jewellery
 i - an amulet of regeneration (around mantle)
 o - a ring of ice
 p - a ring of protection from fire (left tentacle)
Wands
 r - a wand of mindburst (3)
Scrolls
 j - a scroll of teleportation
 q - a scroll of summoning
Potions
 c - 3 potions of might
 e - 4 potions of attraction
 f - a potion of heal wounds
 g - 3 potions of curing
 h - 2 potions of flight
 k - 3 potions of degeneration
 l - 2 potions of brilliance
 m - 2 potions of lignification


   Skills:
 + Level 7.1 Fighting
 + Level 6.8 Axes
 + Level 7.1(7.7) Dodging
 + Level 7.2 Shields


You had 8 spell levels left.
You didn't know any spells.
Your spell library contained the following spells:

 Spells                   Type           Power      Damage    Failure   Level
 Bolt of Magma            Conj/Fire/Erth 0%         4d4       100%        5
 Iskenderun's Battlesphe  Conj           0%         2d6       100%        5
 Iron Shot                Conj/Erth      0%         9d1       100%        6
 Orb of Destruction       Conj           0%         N/A       100%        7
 Spellforged Servitor     Conj/Summ      0%         N/A       100%        7


Dungeon Overview and Level Annotations

Branches:
Dungeon (6/15)             Temple (1/1) D:5

Altars:
Ashenzari
Gozag
Okawaru
Ru
Trog
Yredelemnul
The Shining One

Shops:
D:4 *

Annotations:
D:5 4 runed translucent doors


Innate Abilities, Weirdness & Mutations

You cannot wear most types of armour.
You are amphibious.
You can wear up to eight rings at the same time.
Your skin changes colour to match your surroundings (Stealth+).
Your rubbery body absorbs attacks. (AC +1, EV +1)
((You are camouflaged near water. (Stealth+)))
You have tentacles for arms and can constrict up to eight enemies at once.


Message History

Press: ? - help, Shift-Dir - straight line, f - four-headed hydra
Aim: a four-headed hydra (chance to affect: 30%)
The four-headed hydra easily resists.
Throw: 7 boomerangs
Press: ? - help, Q - select action, (/) - cycle Shift-Dir - straight line, f/p - four-headed hydra
Aim: a four-headed hydra (79% to hit)
You throw a boomerang.
The boomerang hits the four-headed hydra.
The four-headed hydra is lightly wounded.
Throw: 7 boomerangs
Press: ? - help, Q - select action, (/) - cycle Shift-Dir - straight line, f/p - four-headed hydra
Aim: a four-headed hydra (lightly wounded, 79% to hit)
You throw a boomerang.
The boomerang hits the four-headed hydra.
The four-headed hydra is lightly wounded.
The four-headed hydra bites you.
You block the four-headed hydra's attack. x3
You barely miss the four-headed hydra.
The four-headed hydra is lightly wounded.
The four-headed hydra bites you! x2
You block the four-headed hydra's attack.
The four-headed hydra bites you.
The four-headed hydra completely misses you.
You block the four-headed hydra's attack.
The four-headed hydra bites you!
The four-headed hydra barely misses you.
You chop one of the four-headed hydra's heads off!
The three-headed hydra grows two more!
You slash the five-headed hydra!
The five-headed hydra is lightly wounded.
The five-headed hydra bites you.
You block the five-headed hydra's attack.
The five-headed hydra bites you! x2
* * * LOW HITPOINT WARNING * * *
You block the five-headed hydra's attack.
You lop one of the five-headed hydra's heads off!
The four-headed hydra grows two more!
You slash the six-headed hydra!
The six-headed hydra is lightly wounded.
You block the six-headed hydra's attack.
The six-headed hydra bites you!
You die...

###+##...#####+#########........#
....##...#........(.............#
.........#......................#
.........'......................+
.........#......................#
##+###.###......................#
#.#.....<.######......######
..#.......#....#......#
...#.......'@D..#......#
....#.......#....'..[...#
.....#.......#....#......#
#.......######......# #########
########


You could see a six-headed hydra.

Vanquished Creatures
  Pikel (D:5)
  A komodo dragon (D:5)
  Grinder (D:5)
  Menkaure (D:4)
  A water moccasin (D:5)
  A sky beast (D:4)
  A necrophage (D:5)
  3 ogres
  A lemure (D:5)
  A kobold brigand (D:5)
  2 phantoms
  A bullfrog (D:3)
  A scorpion (D:5)
  A gnoll sergeant (D:6)
  2 water moccasin zombies
  A water moccasin skeleton (D:4)
  A howler monkey (D:6)
  A jelly (D:5)
  A hound (D:4)
  2 bullfrog skeletons
  A gnoll shaman (D:5)
  Crazy Yiuf (D:3)
  5 iguanas
  Ijyb (D:5)
  2 orc wizards (D:6)
  8 gnolls
  5 adders
  An ufetubus (D:5)
  An adder skeleton (D:5)
  A worm (D:3)
  A dart slug (D:3)
  8 orcs
  9 endoplasms
  5 giant cockroaches
  6 goblins
  9 hobgoblins
  4 jackals (D:1)
  A quokka (D:1)
  12 ball pythons
  2 frilled lizards (D:2)
  10 kobolds
  4 rats (D:1)
122 creatures vanquished.

Notes
Turn   | Place    | Note
-------+----------+-------------------------------------------
     0 | D:1      | voltaire321 the Octopode Fighter began the quest for the
                  | Orb.
     0 | D:1      | Reached XP level 1. HP: 16/16 MP: 1/1
    10 | D:1      | Found a faded altar of an unknown god.
   267 | D:1      | Reached XP level 2. HP: 21/21 MP: 2/2
   818 | D:1      | Reached XP level 3. HP: 26/26 MP: 3/3
  1548 | D:2      | Reached XP level 4. HP: 31/31 MP: 4/4
  1867 | D:3      | Noticed a bullfrog
  1877 | D:3      | Killed a bullfrog
  1878 | D:3      | Reached XP level 5. HP: 29/37 MP: 5/5
  1955 | D:3      | Found a basalt altar of Yredelemnul.
  1988 | D:3      | Found a sacrificial altar of Ru.
  2061 | D:3      | Found an iron altar of Okawaru.
  2358 | D:3      | Found a runed translucent door.
  2359 | D:3      | Noticed Crazy Yiuf
  2364 | D:3      | Killed Crazy Yiuf
  2365 | D:3      | Reached XP level 6. HP: 43/43 MP: 6/6
  2508 | D:4      | Noticed a sky beast
  2848 | D:4      | Killed a sky beast
  3186 | D:4      | Found Poejupn's Assorted Antiques.
  3186 | D:4      | Found an opulent altar of Gozag.
  3253 | D:4      | Reached XP level 7. HP: 44/49 MP: 7/7
  3357 | D:4      | Noticed Menkaure
  3365 | D:4      | Killed Menkaure
  3417 | D:5      | Entered Level 5 of the Dungeon
  3443 | D:5      | Noticed Grinder
  3444 | D:5      | Paralysed by Grinder for 4 turns
  3471 | D:4      | Reached skill level 5 in Shields
  3523 | D:5      | Reached skill level 5 in Fighting
  3541 | D:5      | Reached skill level 5 in Dodging
  3588 | D:5      | Reached XP level 8. HP: 37/55 MP: 8/8
  3647 | D:5      | Noticed Pikel
  3656 | D:5      | Killed Pikel
  3657 | D:5      | Reached skill level 5 in Axes
  3688 | D:5      | Found a large runed translucent door.
  3689 | D:5      | Found a large runed translucent door.
  3689 | D:5      | Noticed a yak
  3694 | D:5      | Found a large runed translucent door.
  3694 | D:5      | Found a large runed translucent door.
  4001 | D:5      | Paralysed by Grinder for 4 turns
  4015 | D:5      | Killed Grinder
  4016 | D:5      | Reached XP level 9. HP: 63/63 MP: 9/9
  4097 | D:5      | Found a staircase to the Ecumenical Temple.
  4097 | D:5      | Noticed Ijyb
  4103 | D:5      | Killed Ijyb
  4114 | Temple   | Entered the Ecumenical Temple
  4127 | Temple   | Became a worshipper of Ashenzari the Shackled
  4190 | D:5      | Noticed a komodo dragon
  4195 | D:5      | HP: 3/63 [komodo dragon (33)]
  4200 | D:5      | Killed a komodo dragon
  4241 | D:5      | Identified the +7 scale mail of Udghib {rCorr Str+3 Dex-4}
  4255 | D:5      | Identified the +9 falchion of Responsibility {antimagic,
                  | Will+ Str+2 Int+2 Dex+5}
  4626 | D:6      | Noticed a four-headed hydra
  4928 | D:6      | Noticed a two-headed ogre
  5042 | D:6      | Mangled by a six-headed hydra

Illustrated notes

Levels and vault maps discovered:
D:1:      dpeg_arrival_radiant, layout_rooms, basic_ecumenical_altar
D:2:      layout_rooms, minmay_split_cup_small
D:3:      layout_loops_cross, yredelemnul_altar_generic, okawaru_gym_becter,
          lemuel_doored_altar, uniq_crazy_yiuf_cottage
D:4:      layout_loops_ring, overflow_temple_1_default, serial_shops, shop,
          kennysheep_small_spiral, uniq_menkaure
D:5:      layout_basic, temple_fountains, minivault_24,
          minmay_hollow_rounded_squares, uniq_pikel, uniq_grinder, uniq_ijyb
D:6:      layout_gridville, grunt_ministairs_14, minmay_manual_mandibuliform
Temple:   regret_index_temple_waves

Skill      XL: |  1  2  3  4  5  6  7  8  9 |
---------------+----------------------------+-----
Axes           | 3 4 6 |  6.8
Fighting       | 4 5 6 7 |  7.1
Dodging        | 4 5 6 7 |  7.1
Shields        | 4 5 6 7 |  7.2

Action                   |  1- 3 |  4- 6 |  7- 9 || total
-------------------------+-------+-------+-------++-------
Melee: War axe           |    75 |    58 |   168 ||   301
       Constrict         |    16 |    15 |    37 ||    68
       Tentacles         |    11 |    14 |    43 ||    68
Throw: Dart              |       |       |    20 ||    20
       Boomerang         |       |       |     2 ||     2
Invok: Curse Item        |       |       |     1 ||     1
Evoke: Wand              |       |       |     1 ||     1
  Use: Scroll            |       |     6 |     2 ||     8
       Potion            |       |       |     1 ||     1
 Stab: Sleeping          |     5 |     4 |     3 ||    12
Armor: Skin              |     6 |     1 |     9 ||    16
Dodge: Dodged            |    35 |    16 |    82 ||   133
Block: Kite shield       |    34 |    28 |   109 ||   171

Table legend: (Time is in decaauts)
 A = Elapsed time spent in this place.
 B = Non-inter-level travel time spent in this place.
 C = Inter-level travel time spent in this place.
 D = Time resting spent in this place.
 E = Time spent auto-exploring this place.
 F = Levels seen in this place.
 G = Mean time per level.
                   A        B        C        D        E       F      G
               +--------+--------+--------+--------+--------+-----+--------+
         Total |   5196 |   4922 |    274 |    769 |   2722 |   7 |  742.3 |
       Dungeon |   5169 |   4895 |    274 |    769 |   2711 |   6 |  861.5 |
        Temple |     26 |     26 |      0 |      0 |     11 |   1 |   26.0 |
               +--------+--------+--------+--------+--------+-----+--------+

Top non-repeatable levels by time:
     D:1: 1273 daAuts
     D:5: 1203 daAuts
     D:4: 885 daAuts
     D:3: 850 daAuts
     D:2: 561 daAuts
     D:6: 396 daAuts
  Temple: 26 daAuts
